 Dungeon Crawl Stone Soup version 0.23.0-3-gf3c87f2 (webtiles) character file.

Game seed: 16258497648156644458

366 vishdafish the Covered (level 6, 22/48 HPs)
             Began as a Demonspawn Fighter on Feb 22, 2019.
             Quit the game on level 4 of the Dungeon.
             The game lasted 00:04:09 (3423 turns).

vishdafish the Covered (Demonspawn Fighter)         Turns: 3423, Time: 00:04:09

Health: 22/48      AC:  7    Str: 17    XL:     6   Next: 40%
Magic:  6/6        EV:  8    Int: 11    God:
Gold:   164        SH:  9    Dex: 12    Spells: 5/5 levels left

rFire    . . .     SeeInvis +   a - +0 long sword
rCold    . . .     Gourm    .   c - +0 shield
rNeg     + . .     Faith    .   b - +0 scale mail
rPois    .         Spirit   .   (helmet unavailable)
rElec    .         Reflect  .   h - scarf {repulsion}
rCorr    .         Harm     .   (no gloves)
MR       .....                  (no boots)
Stlth    ..........             (no amulet)
HPRegen  0.16/turn              p - ring of positive energy
MPRegen  0.10/turn              (no ring)

@: repel missiles
A: antennae 3, demonic guardian 1, sturdy frame 1
a: no special abilities


You were on level 4 of the Dungeon.
You were hungry.

You visited 1 branch of the dungeon, and saw 4 of its levels.

You collected 164 gold pieces.

Inventory:

Hand Weapons
 a - a +0 long sword (weapon)
Armour
 b - a +0 scale mail (worn)
 c - a +0 shield (worn)
 h - a scarf of repulsion (worn)
Jewellery
 p - a ring of positive energy (left hand)
Scrolls
 d - a scroll of fog {unknown}
 e - a scroll of immolation {unknown}
 g - 2 scrolls of amnesia {unknown}
 i - 2 scrolls of teleportation {unknown}
 m - 6 scrolls of identify {unknown}
 o - a scroll of magic mapping {unknown}
 r - a scroll of random uselessness {unknown}
 s - a scroll of enchant weapon {unknown}
 t - 3 scrolls of noise {unknown}
Potions
 k - 2 potions of magic
Comestibles
 f - 6 rations


   Skills:
 + Level 3.8 Fighting
 + Level 3.6 Long Blades
 + Level 4.2 Armour
 + Level 1.1 Dodging
 + Level 0.2 Stealth
 + Level 3.9 Shields


You had 5 spell levels left.
You didn't know any spells.
Your spell library was empty.

Dungeon Overview and Level Annotations

Branches:
Dungeon (4/15)
 Temple: D:4-7

Altars:
Fedhas


Innate Abilities, Weirdness & Mutations

You have a pair of large antennae on your head. (SInv)
A weak demonic guardian rushes to your aid.
Your movements are slightly less encumbered by armour. (ER -2)


Message History

The centaur wields a +0 shortbow.
The centaur shoots an arrow.
The arrow is repelled.
Your ufetubus completely misses the bush.
Your ufetubus hits the bush but does no damage.
The centaur shoots an arrow.
The arrow is repelled.
You hit the bush.
The bush is lightly damaged.
Your ufetubus hits the bush but does no damage.
Your ufetubus hits the bush.
The centaur shoots an arrow.
You block the arrow.
Your ufetubus hits the bush but does no damage.
Your ufetubus hits the bush.
Unknown command.
You hit the bush but do no damage.
The bush is lightly damaged.
The centaur shoots an arrow.
The arrow closely misses you.
Your ufetubus hits the bush but does no damage. x2
The centaur unwields a +0 shortbow.
The centaur hits the bush but does no damage.
Your ufetubus hits the bush but does no damage. x4
Are you sure you want to abandon this character and quit the game? (Confirm with "yes".)

#..###†# ##
#......# ..
##.##.###
#.PPP....#
#...PP...#
#.PPaPP.##
#.PcPPP..###
#.PPPP5....#
#.(@....##.#
#%#.#.### .#
#.#..(# #
#..(..#
####..# ....
##..## #..#


You could see a centaur, a worker ant and a friendly ufetubus.

Vanquished Creatures
  A bullfrog (D:4)
  A scorpion (D:4)
  A hound (D:4)
  A centaur skeleton (D:4)
  3 worker ants (D:4)
  5 adders
  2 worms
  A dart slug (D:1)
  3 leopard geckos
  An orc (D:3)
  5 giant cockroaches
  9 goblins
  5 hobgoblins
  8 jackals
  A quokka (D:3)
  2 ball pythons
  3 bats
  3 frilled lizards
  8 kobolds
  13 rats
76 creatures vanquished.

Vanquished Creatures (collateral kills)
  A bullfrog skeleton (D:4)
  A worm (D:4)
2 creatures vanquished.

Grand Total: 78 creatures vanquished

Notes
Turn   | Place    | Note
-------+----------+-------------------------------------------
     0 | D:1      | vishdafish the Demonspawn Fighter began the quest for the
                  | Orb.
     0 | D:1      | Reached XP level 1. HP: 18/18 MP: 1/1
   325 | D:1      | Gained mutation: Your movements are slightly less
                  | encumbered by armour. (ER -2) [demonic ancestry]
   325 | D:1      | Reached XP level 2. HP: 22/24 MP: 2/2
   578 | D:1      | Reached skill level 3 in Armour
   982 | D:2      | Gained mutation: A weak demonic guardian rushes to your
                  | aid. [demonic ancestry]
   982 | D:2      | Reached XP level 3. HP: 24/29 MP: 3/3
  1772 | D:3      | Gained mutation: You have a pair of small antennae on your
                  | head. [demonic ancestry]
  1772 | D:3      | Reached XP level 4. HP: 31/35 MP: 4/4
  2648 | D:4      | Gained mutation: You have a pair of antennae on your head.
                  | [demonic ancestry]
  2648 | D:4      | Reached XP level 5. HP: 30/41 MP: 5/5
  2688 | D:4      | HP: 2/41 [poisoned by a worker ant]
  2999 | D:4      | Reached skill level 4 in Armour
  2999 | D:4      | Reached skill level 1 in Dodging
  2999 | D:4      | Gained mutation: You have a pair of large antennae on your
                  | head. (SInv) [demonic ancestry]
  2999 | D:4      | Reached XP level 6. HP: 22/48 MP: 6/6
  3393 | D:4      | Found a blossoming altar of Fedhas.
  3423 | D:4      | Quit the game

Skill      XL: |  1  2  3  4  5 |
---------------+----------------+-----
Shields        | 3 |  3.9
Armour         | 3 4 |  4.2
Long Blades    | 2 3 |  3.6
Dodging        | 1 |  1.1
Fighting       | |  3.8
Stealth        | |  0.2

Action                   |  1- 3 |  4- 6 || total
-------------------------+-------+-------++-------
Melee: Long sword        |   130 |   190 ||   320
  Use: Potion            |       |     7 ||     7
  Eat: Chunk             |     2 |     6 ||     8
Armor: Scale mail        |    54 |    67 ||   121
Dodge: Dodged            |    37 |    52 ||    89
       Deflected         |     1 |     5 ||     6
Block: Shield            |    56 |    86 ||   142
       Rpst.: Long sword |     9 |    16 ||    25
